AoeStats
← [GN]mezdap

African Clearing

510827041Analyzed
3v3 RM · 7h ago on Oct 2, 2026· 51m 25s· 6 players
Game mode
Random Map
Map size
Normal (6 player)
Population
200
Speed
Normal
Resources
Standard
Victory
Conquest
Starting age
Dark Age
Ending age
Imperial Age
RankedLock teamsTeams togetherTeam positionsShared explorationLock speedFull tech treeHidden civsTurbo modeCheats
Victory
Defeat
🇹🇷 Varangians · Türkiye
1442
+13
🇹🇷 Wu · Türkiye
1405
+15
🇹🇷 Hindustanis · Türkiye
1404
+15
🇦🇹 Wei · Austria
1506
-19
🇦🇹 Varangians · Austria
1337
-13
🇦🇹 Cumans · Austria
1295
-11
[GN]LAZURİ
11:25 Loom
13:23 Feudal Age
14:13 Double-Bit Axe
14:31 Loom
17:51 Castle Age
16:03 Horse Collar
19:32 Bow Saw
24:27 Fletching
27:23 Wheelbarrow
27:02 Heavy Plow
29:22 Bodkin Arrow
29:44 Scale Barding Armor
30:15 Hand Cart
31:21 Chain Barding Armor
35:02 Imperial Age
32:45 Town Watch
35:35 Stone Mining
35:48 Bracer
37:30 Ballistics
39:34 Bloodlines
39:25 Husbandry
40:55 Chemistry
42:52 Masonry
43:07 Herbal Medicine
44:17 Two-Man Saw
43:28 Masonry
43:02 Elite Jarl
44:24 Conscription
45:14 Plate Barding Armor
45:27 Forging
45:11 Light Cavalry
46:21 Vendel Legacy
47:56 Iron Casting
48:22 Architecture
47:58 Siege Engineers
49:17 Town Patrol
[GN]mezdap
9:40 Loom
12:43 Feudal Age
18:14 Castle Age
17:54 Fletching
18:47 Town Watch
22:35 Double-Bit Axe
23:58 Crossbowman
25:14 Bodkin Arrow
27:45 Horse Collar
30:57 Bow Saw
30:48 Heavy Plow
34:56 Wheelbarrow
35:23 Ballistics
37:55 Imperial Age
37:09 Hand Cart
36:56 Padded Archer Armor
37:10 Masonry
38:00 Leather Archer Armor
37:50 Pikeman
38:30 Squires
38:16 Arson
38:34 Scale Mail Armor
38:44 Forging
39:12 Bracer
39:00 Arbalester
39:57 Chain Mail Armor
40:30 Halberdier
42:18 Plate Mail Armor
42:23 Iron Casting
45:50 Blast Furnace
45:24 Conscription
45:08 Sitting Tiger
46:28 Coinage
46:07 Red Cliffs Tactics
46:03 Elite Fire Archer
49:52 Town Patrol
50:53 Two-Man Saw
49:46 Gold Mining
49:47 Stone Mining
[GN]Lazayeb_53
4:31 Loom
12:06 Feudal Age
14:31 Forging
22:46 Castle Age
21:25 Scale Mail Armor
22:26 Double-Bit Axe
23:56 Bow Saw
24:51 Bloodlines
24:42 Husbandry
25:21 Iron Casting
24:30 Horse Collar
26:07 Scale Barding Armor
26:35 Heavy Plow
29:19 Wheelbarrow
30:52 Town Watch
32:05 Chain Barding Armor
32:40 Hand Cart
36:22 Chain Mail Armor
39:13 Imperial Age
39:21 Heavy Camel Rider
41:02 Blast Furnace
40:38 Plate Barding Armor
41:14 Two-Man Saw
41:17 Imperial Camel Rider
44:26 Conscription
44:15 Grand Trunk Road
47:43 Light Cavalry
49:32 Stone Mining
vikings
5:55 Loom
12:05 Feudal Age
15:28 Double-Bit Axe
17:52 Wheelbarrow
17:03 Horse Collar
24:54 Castle Age
24:04 Scale Barding Armor
24:10 Forging
26:20 Chain Barding Armor
26:35 Iron Casting
25:59 Pikeman
28:15 Bow Saw
28:29 Heavy Plow
40:35 Imperial Age
40:53 Cavalier
43:08 Blast Furnace
47:26 Plate Barding Armor
46:26 Paladin
50:26 Scale Mail Armor
50:00 Man-at-Arms
50:41 Squires
50:01 Halberdier
50:28 Arson
51:19 Long Swordsman
[DDocs] Haasal
5:38 Loom
13:28 Feudal Age
17:25 Castle Age
15:50 Double-Bit Axe
22:07 Horse Collar
23:01 Fletching
24:21 Bow Saw
25:09 Bodkin Arrow
25:54 Padded Archer Armor
29:12 Wheelbarrow
30:54 Hand Cart
32:16 Heavy Plow
32:52 Bloodlines
37:05 Imperial Age
35:10 Scale Barding Armor
36:31 Forging
37:54 Chain Barding Armor
38:36 Conscription
40:12 Iron Casting
41:04 Ming Guang Armor
41:38 Bracer
43:13 Thumb Ring
43:58 Leather Archer Armor
45:53 Ring Archer Armor
46:08 Tuntian
47:48 Blast Furnace
47:31 Parthian Tactics
48:36 Chemistry
48:52 Ballistics
49:02 Elite Skirmisher
Julian
6:20 Loom
13:06 Feudal Age
17:41 Castle Age
15:58 Double-Bit Axe
18:49 Pikeman
19:13 Horse Collar
22:53 Fletching
26:33 Wheelbarrow
29:18 Husbandry
35:35 Imperial Age
33:14 Bodkin Arrow
33:20 Padded Archer Armor
33:53 Bloodlines
34:16 Ballistics
34:57 Leather Archer Armor
34:45 Heavy Plow
35:28 Light Cavalry
36:37 Bracer
37:07 Ring Archer Armor
37:41 Chemistry
36:06 Cranequins
37:37 Crop Rotation
40:24 Hand Cart
39:35 Heavy Mounted Crossbowman
43:33 Scale Barding Armor
43:39 Forging
43:05 Elite Skirmisher
44:37 Hussar
46:01 Chain Barding Armor
46:22 Iron Casting
Connection lost

Rejoining the realm…

Still unreachable

The connection could not be restored.

Session expired

The server has moved on; the page needs a fresh start.